 Dungeon Crawl Stone Soup version 0.17-a0-2133-gde797ed (webtiles) character file.

9 hellewite the Insei (level 2, -2/18 HPs)
             Began as an Octopode Transmuter on Oct 24, 2015.
             Slain by a hobgoblin
             ... wielding a +0 club
              (4 damage)
             ... on level 1 of the Dungeon.
             The game lasted 00:04:51 (720 turns).

hellewite the Insei (Octopode Transmuter)            Turns: 720, Time: 00:04:51

Health: -2/18      AC:  1    Str:  9    XL:     2   Next: 16%
Magic:  4/5        EV: 12    Int: 15    God:
Gold:   12         SH:  0    Dex: 12    Spells: 1 memorised, 4 levels left

rFire  . . .     SeeInvis .       - Unarmed
rCold  . . .     Clarity  .     (no shield)
rNeg   . . .     SustAt   .     (helmet restricted)
rPois  .         Gourm    .     (no amulet)
rElec  .         Spirit   .     (no ring)
rCorr  .         Warding  .     (no ring)
rMut   .         Stasis   .     (no ring)
MR     .....                    (no ring)
Stlth  ++........               (no ring)
                                (no ring)
                                (no ring)
                                (no ring)

@: appendage, not resistant to hostile enchantments, unstealthy
A: almost no armour, amphibious, 8 rings, constrict 8, tentacle spike 3,
camouflage 1, gelatinous body 1
a: End Transformation


You were on level 1 of the Dungeon.
You were not hungry.
One of your tentacles had a temporary spike.
You visited 1 branch of the dungeon, and saw 1 of its levels.

You collected 12 gold pieces.

Inventory:

Missiles
 a - 12 arrows
 d - 12 poisoned bolts
Scrolls
 f - a scroll of fear {unknown}
 h - a scroll of remove curse {unknown}
Potions
 e - a potion of resistance {unknown}
Books
 b - a book of Changes

   Spells                             Type                      Level
   a - Beastly Appendage              Transmutation                1
   b - Sticks to Snakes               Transmutation                2
   c - Spider Form                    Transmutation/Poison         3
   d - Ice Form                       Ice/Transmutation            4
   e - Blade Hands                    Transmutation                5
Comestibles
 c - a bread ration


   Skills:
 - Level 1.0 Fighting
 - Level 2.0 Dodging
 - Level 3.0 Unarmed Combat
 - Level 2.0 Spellcasting
 + Level 2.8 Transmutations


You had 4 spell levels left.
You knew the following spells:

 Your Spells              Type           Power        Failure   Level  Hunger
a - Beastly Appendage     Trmt           #.....       10%         1    #......


Dungeon Overview and Level Annotations

Branches:
Dungeon (1/15)

Altars:


Innate Abilities, Weirdness & Mutations

You cannot wear most types of armour.
You are amphibious.
You can wear up to eight rings at the same time.
You can use your tentacles to constrict eight enemies at once.
Your skin changes colour to match your surroundings (Stealth).
Your rubbery body absorbs attacks (AC +1).
One of your tentacles bears a large vicious spike.


Message History

Your tentacle spike disappears.
The bat closely misses you. The bat hits you.
* * * LOW HITPOINT WARNING * * *
There is an open door here.
The bat hits you.
* * * LOW HITPOINT WARNING * * *
The bat barely misses you. The bat barely misses you.
You tentacle-slap the bat. Your grab misses the bat.
The bat is heavily wounded.
The bat closely misses you. The bat barely misses you.
You tentacle-slap the bat.
You kill the bat!
Casting: Beastly Appendage
Confirm with . or Enter, or press ? or * to list all spells.
One of your tentacles grows a vicious spike.
The hobgoblin hits you with a club.
You die...

#........#####.(#
#+##..###.#...
#.#......######.##
#.#.....#..... #
#......'.†.# ..#
#.#.###.#.....
#...)..###.#
#.###.....#.......
#....(.# #.#
#.........#...##..
#......# #.#
#..##.......####..
#......# #.# #...#.....###
#.. #......# #.#
#.#.#.##### #..
##########.# #@#.#.# ###
#..g..# #g#.#.#
#.#######.#.#.# #########
#.........#...# ##........
############..###..≈≈≈≈≈≈≈
#.....>.#..≈≈.....≈
#.###.#...≈≈..♣....
#.#.#.#..≈≈..8.<...
#.#.#.#..≈........8


You could see a hobgoblin.

Vanquished Creatures
  2 hobgoblins (D:1)
  3 jackals (D:1)
  A bat (D:1)
  2 kobolds (D:1)
  A rat (D:1)
9 creatures vanquished.

Notes
Turn   | Place    | Note
--------------------------------------------------------------
     0 | D:1      | hellewite the Octopode Transmuter began the quest for the Orb.
     0 | D:1      | Reached XP level 1. HP: 13/13 MP: 3/3
   668 | D:1      | Reached XP level 2. HP: 18/18 MP: 3/5
   720 | D:1      | Slain by a hobgoblin

Vault maps used:
D:1:      moated_graveyard_arrival, hangedman_abyss_or_decor_stabs

Action                   || total
-------------------------++-------
Melee: Unarmed           ||    27
 Cast: Beastly Appendage ||     5
